[Event "44th Chess Olympiad Open 2022"]
[Site "Chennai"]
[Date "2022.08.02"]
[Round "5.11"]
[White "Salinas Herrera, Pablo"]
[Black "Karthikeyan, Murali"]
[Result "1-0"]
[WhiteElo "2526"]
[BlackElo "2613"]
[Annotator "TA"]
[PlyCount "73"]
[EventDate "2022.??.??"]
[TimeControl "60"]

1.
e4 c5 2. Nf3 Nc6 3. Bb5 e6 4. O-O Nge7 5. Re1 Nd4 6. Nxd4 cxd4 7. c3 a6 8. Bf1 {[%emt 0:00:06] B30: Sicilian: 2...Nc6 3 Bb5, lines without ...g6.}
Nc6 9. b4 $1 {[%emt 0:07:56] Against Bc5 outshines the older
9.d3.} Bd6 10. Na3 {[%emt 0:18:52] White has an edge.} (10.
Bb2 $5 ) 10... O-O {[%emt 0:08:00] [#]} (10... Qh4 11. g3 Qf6 12.
Bb2 $14) 11. b5 $146 ({Predecessor:} 11. Nc2 dxc3 12. dxc3 Qc7
13. g3 b6 14. Be3 Be7 15. f4 Bb7 16. Rc1 d6 17. Bf2 {0-1 (44) Dominguez Perez,
L (2756)-Praggnanandhaa,R (2619) Chess.com INT 2022}) 11... axb5 (11... Qh4 12. g3 Qe7 13. Nc2 (13. bxc6 Bxa3 14. cxb7 Bxb7 $16) 13... axb5
14. cxd4 $16) 12. Nxb5 Be5 13. Bb2 Qf6 (13... Qh4 $2 14. g3 Qf6 15. f4 $16)
14. g3 dxc3 15. dxc3 g5 16. a4 Rd8 17. Bc1 Kh8 18. Nd6 {[%emt 0:01:06][%cal Yc1g5] Black must
now prevent Bxg5!} Rg8 19. Ra2 b6 20. Re3 {[%emt 0:03:15][%cal Ye1e3,Ye3d3,Yd3d7,Yd7d6] Strongly
threatening Rf3.} Qg7 21. Nxc8 {[%emt 0:00:00] White is much
more active.} Raxc8 22. Rd3 (22. Qxd7 $6 Bf4
$1 $11) 22... Bf6 23. Rxd7 Bxc3 (23... Ne5 $14) 24. Be3 $16 Ne5 25. Rd6 Ba5 26. Be2 (26. Bxb6 $6
Bxb6 27. Rxb6 g4 $16) 26... Qg6 (26... g4 $142 27. Rc2 (27.
Bxb6 Bxb6 28. Rxb6 Qh6 $16) 27... h6 28. Bxb6 Rxc2 29. Qxc2 Bxb6 30. Rxb6 Ra8)
27. Rc2 $18 Qxe4 28. Rxc8 Rxc8 29. Rd8+ ({Worse is} 29. Bxb6 Bxb6 30.
Rxb6 Rc2 31. Qd8+ Kg7 32. Qxg5+ Ng6 $11) ({Resist} 29. Bxg5 Kg7) 29... Rxd8 30. Qxd8+ Kg7 31. Qxg5+ Ng6 {[%emt 0:00:27] [#]} 32. h4 $1 {[%emt 0:01:17][%cal Yh2h4,
Yh4h5] Threatens to win with h5. The board is on fire.} ({And not} 32. f3 Qxa4
33. h4 Qa1+ 34. Bf1 Qe5 $11) 32... Qe5 $2 (32... Bc3 {was
worth a try.} 33. h5 Qxa4 34. Bxb6 Qa1+ 35. Kg2 Bf6) 33. Qd8 {[%emt 0:00:11]
White is clearly winning.} Qa1+ 34. Kh2 {[%emt 0:00:15] h5 is
the strong threat.} Qa2 35. h5 h6 36. Qd4+ e5 37.
Qg4 {[%emt 0:00:03] Weighted Error Value: White=0.03 (flawless) /Black=0.28 
(precise)} 1-0

[Event "44th Chess Olympiad Open 2022"]
[Site "Chennai"]
[Date "2022.08.02"]
[Round "5.12"]
[White "Saric, Ivan"]
[Black "Gretarsson, Hjorvar Steinn"]
[Result "1-0"]
[WhiteElo "2680"]
[BlackElo "2563"]
[Annotator "TA"]
[PlyCount "75"]
[EventDate "2022.??.??"]
[TimeControl "60"]

1. e4 c5 2. Nf3 d6 3. d4 cxd4 4. Nxd4 Nf6 5. Nc3 a6 6. h3 e5 7. Nf3 {[%emt 0:00:22] B90:
Sicilian Najdorf: Unusual White 6th moves, 6 Be3 Ng4 and 6 Be3 e5.} Be7 8. g4 h6 9. Rg1 {[%emt 0:00:
00] The position is equal.} b5 10. g5 hxg5 11. Nxg5 Qc7 12. a4 b4 13. Nd5 Nxd5 14.
Qxd5 Bxg5 15. Rxg5 (15. Qxa8
$2 Bb7 16. Qxb7 (16. Qa7 $2 Nc6 $19) 16... Qxb7 $19) (15. Bxg5 $5 Bb7 16. Qd3 $14) 15... Bb7 {[%emt 0:11:52] [#]} 16. Qb3 $146 ({Predecessor:} 16. Qd3 f6 17. Rg6 Nc6 18. Be3 O-O-O 19. O-O-O Qf7 20. Rg3 Rd7
21. h4 Kc7 22. Bh3 Rdd8 23. Rdg1 Qa2 24. Rxg7+ Kb8 25. Rxb7+ Kxb7 26. Rg7+ {
1-0 (26) Ponkratov,P (2641)-Wojtaszek,R (2686) Warsaw 2021}) 16... Nc6 (16... Bxe4 $11 17. Rxg7 (17. Qxb4 f5 $11) 17... Nc6) 17. Be3
$14 (17. Rxg7 $2 Nd4 18. Qc4 Nxc2+ 19. Kd1 Qxc4 20. Bxc4 Nxa1
$19) 17... g6 18. O-O-O {[%emt 0:06:11] White is more active.}
Bc8 (18... Rc8 $16) 19. Rg3 (19. Qd5 $18)
19... Be6 $16 20. Qd3 Ke7 21. b3 Rac8 22. Kb1 Rhd8 (22... Nd4 $16) 23. Qd2 $18 d5 24. Bg5+ Ke8 (24... f6 $142)
25. Bxd8 (25. Bxa6 $6 dxe4 26. Bxd8 Rxd8 $16) 25... Rxd8 26. Qe1 (26. exd5 $6 Rxd5 27. Qc1 Rxd1 28.
Qxd1 a5 $18) (26. Bxa6 $6 dxe4 27. Qe1 Rxd1+ 28. Qxd1 Nd4 $16) 26... Nd4 27. Bd3 dxe4 28. Bxe4 (28. Qxe4 $6 Nxc2 29. Rc1 (29. Bxc2 $2 Rxd1+ 30. Bxd1 Bf5 $19)
29... Bf5 30. Rxc2 Qd6 31. Qc6+ Qxc6 32. Rxc6 Bxd3+ 33. Kc1 Rd5 $14) 28... f5 (28... Qc5 $142 29. Bd3 Rc8) 29. Bd3 Kf7 {[%emt 0:01:30] [#]} 30. Qg1 $2 ({
Inferior is} 30. Qxb4 Rb8 31. Qd2 Nxb3 $11) (30. Qd2 $1 $18 )
30... e4 $2 {[%emt 0:02:56] [#]} (30... Qc3 $16 {is a better chance.} 31. Bxf5
(31. Rxg6 {gets mated.} Nxb3 32. Rg7+ Kf8) 31... Bxf5 32. Rxc3 bxc3) 31. Rxg6
$1 {[%emt 0:00:18] Intending Rg7+ and mate. White is clearly winning.} Qe5 {
[%emt 0:00:43] Inhibits Rg7+.} (31... Nf3 32. Rg7+) 32. Bxa6 Rh8 33. f4 exf3 34. Rxe6 Nxe6 35. Bc4 {[%emt 0:00:43] Re1 is the
strong threat.} Rg8 36. Qf2 {[%emt 0:01:29] And now Re1 would
win.} Qc3 37. Rd3 (37. Qa7+ $142 Kf6 38. Qh7)
37... Qe5 38. Rxf3 {[%emt 0:03:35] Weighted Error Value:
White=0.20 (precise) /Black=0.44} 1-0

[Event "44th Chess Olympiad Open 2022"]
[Site "Chennai"]
[Date "2022.08.02"]
[Round "5.12"]
[White "Kozul, Zdenko"]
[Black "Kjartansson, Gudmundur"]
[Result "1/2-1/2"]
[WhiteElo "2602"]
[BlackElo "2448"]
[Annotator "TA"]
[PlyCount "156"]
[EventDate "2022.??.??"]
[TimeControl "60"]

1. d4 d5 2. c4 e6 3. Nf3 Nf6 4. Bg5 h6 5. Bxf6 Qxf6 6.
e3 Nd7 7. Nc3 c6 8. Be2 dxc4 9. Bxc4 Bd6 10. O-O {[%emt 0:01:29] D43: Semi-Slav: 5 Bg5 h6.} O-O 11. Ne4 Qe7 12.
Nxd6 Qxd6 13. Qc2 b6 14. Rfd1 Bb7 {[%emt 0:00:20] [#]} 15. a4 $146 ({Predecessor:} 15. Rac1 Qe7 16. Qe2
a6 17. a3 Rfc8 18. b4 a5 19. Rb1 axb4 20. axb4 Rc7 21. Bd3 {½-½ (30) Lenic,L
(2644)-Michalik,P (2578) Austria 2019}) 15... Rfd8 16. a5 c5 17. a6 Bxf3 18. gxf3 cxd4 19. Rxd4 Qc7 20. Rc1 Rac8 21. Bd3 (21. f4 $11) 21... Qb8 (21... Qxc2 $15 22.
Rxc2 Rxc2 23. Bxc2 Kf8) 22. Rc4 $11 {[%emt 0:01:23] The position is equal.}
Rxc4 23. Bxc4 Rc8 {[%emt 0:01:04] [#]
Threatens to win with ...Ne5.} 24. Qd1 Ne5 25. Be2 Rxc1 26. Qxc1 {[%emt 0:00:09]
Endgame KQB-KQN} Qd8 27. f4 Ng6 28. Kf1 Nh4 29.
Ke1 g5 30. fxg5 hxg5 31. Qc6 Kf8 32. Qb7 Qe7 33. Kd1 Nf5 34.
Bd3 Nd6 35. Qc6 Qd8 36. Ke2 Ke7 37. Qg2 Kd7 38. f4 gxf4 39.
exf4 Qh8 40. Ke3 e5 41. Qg4+ Kc7 42. h4 e4 43. Bxe4 Qxb2 44.
Bd3 Qc3 45. Ke2 {[%emt 0:00:00] Active
counter play!} Qb2+ 46. Ke3 b5 47. Qe2 Qc1+ 48. Kf3 Qh1+ 49. Kg3 {[%emt 0:00:00] [#] aiming for Qe7+.} Kb6 50. Qg2 Qa1 (50... Qd1 $5 51. Qf3 (51. Qd5 Qg1+ 52. Kh3 Qe3+ 53. Kg4 f5+ 54. Bxf5 Qe2+ 55.
Kg5 Qe7+ 56. Kh5 Nxf5 $11) 51... Qe1+ 52. Kh3 Qe6+ 53. f5 Qe1 $11) 51. Qd5 Qg1+ 52. Kh3 Qe3+ 53. Kg4 Qg1+ 54. Kh5 Kc7 (54... Qc5 $2 55. Qxc5+ Kxc5 56. Kg5 $18) 55. Qe5 f6 56. Qe7+ Kc6 57. Be4+ (57. Qe6 Qd4 58. Qh3 (58. Bf5 Qxf4 59. Qd7+ Kb6
$17) 58... Qxf4 $17) 57... Nxe4 58. Qxe4+ {[%emt 0:00:05]
KQ-KQ} Kb6 ({But not} 58... Kd6 59. f5 $16) 59. Qe6+ Ka5 60. Qxf6 {[%emt 0:00:28] Strongly threatening f5.}
b4 61. f5 b3 62. Qc3+ Ka4 63. f6 Qf2 64. Qc6+ Ka3 65. Qd6+ Ka2 {[%emt 0:00:44] And now ...Qf5+ would win.} 66. Qe6 {[%emt 0:00:07]
Against Qf5+} Qf3+ 67. Kg5 {[%emt 0:00:21] Black must now
prevent f7.} Qg3+ 68. Kh5 Qf3+ 69. Kh6 {[%emt 0:00:51] f7 is the strong threat.} Qf4+ 70. Kg7 Qg3+ 71. Kf8 Qxh4 72. f7 Qd8+ 73. Qe8 Qh4 74. Qe6 Qd8+ 75.
Kg7 Qg5+ 76. Kh7 Qh5+ 77. Kg7 Qg5+ 78. Kh7 Qh5+ {[%emt 0:00:02] An even fight not without its subleties.
Weighted Error Value: White=0.02 (flawless) /Black=0.01 (flawless)} 1/2-1/2

[Event "44th Chess Olympiad Open 2022"]
[Site "Chennai"]
[Date "2022.08.02"]
[Round "5.12"]
[White "Stefansson, Hannes"]
[Black "Brkic, Ante"]
[Result "1/2-1/2"]
[WhiteElo "2541"]
[BlackElo "2611"]
[Annotator "TA"]
[PlyCount "75"]
[EventDate "2022.??.??"]
[TimeControl "60"]

1. e4 c5 2. Nf3 d6 3. Bb5+ Nd7 4. c4 Ngf6 5. Nc3 g6 6. h3 {[%emt 0:01:27] B51: Sicilian: Moscow Variation (3 Bb5+)
without 3...Bd7.} Bg7 7. d3 O-O 8. Ba4 Nb8 {[%emt 0:04:01] [#]} 9. O-O $146 ({Predecessor:} 9. Be3 Bd7 10. Bb3 Nc6 11. O-O e5 12. Ba4 Ne8 13. Nh2 Nc7
14. f4 f5 15. fxe5 Nxe5 16. Bxd7 Qxd7 {½-½ (36) Prusikin,M (2522)-Dragnev,V 
(2550) Germany 2021}) 9... Bd7 10. Bxd7 Nfxd7 11. d4 Nc6 12. Be3 Rc8 13. d5 Nd4 14.
Nxd4 cxd4 15. Bxd4 Rxc4 16. Bxg7 Kxg7 17. Qe2 Qc8 18. Rac1 Nf6 19. Rce1 Qc5 20.
e5 dxe5 21. Qxe5 b5 22. Qxe7 b4 23. Qxc5 Rxc5 24. Ne4 Rxd5 25. Nxf6 Kxf6 $11 {[%emt 0:00:02]
Endgame KRR-KRR} 26. Re4 a5 27. a3 b3 28. Rfe1 Rd2 29.
R1e2 Rfd8 30. Rf4+ Kg5 31. Rxd2 Rxd2 {[%emt 0:00:04] KR-KR} 32. Ra4 {
[%emt 0:00:48] [#]} (32. Rxf7 $15 Rxb2 33. f4+ Kh6 34. a4) 32... Rxb2 $2 (32... Kf5 $1 $19 33. g4+ (33. Rxa5+ $2 Ke4 $19) 33... Ke5 34.
f4+ (34. Rxa5+ $2 Kd4 $19) 34... Kd5 35. Rxa5+ Kc4) 33. Rxa5+ {[%emt 0:00:08]
The position is equal.} Kf4 34. Ra4+ $1 Ke5 35. Rb4 $1 h5 36. g4 hxg4 37. hxg4 f5 38. gxf5 {[%emt 0:00:08] Weighted Error Value: White=0.19 (very precise) /
Black=0.33} 1/2-1/2

[Event "44th Chess Olympiad Open 2022"]
[Site "Chennai"]
[Date "2022.08.02"]
[Round "5.12"]
[White "Gretarsson, Helgi Ass"]
[Black "Bosiocic, Marin"]
[Result "0-1"]
[WhiteElo "2472"]
[BlackElo "2549"]
[Annotator "TA"]
[PlyCount "84"]
[EventDate "2022.??.??"]
[TimeControl "60"]

1. c4 e5 2. Nc3 Bb4 3. Nd5 a5 4. Nf3 d6 5. a3 Bc5 6. e3 {[%emt 0:00:22] A21: English Opening: 1...e5 2
Nc3.} c6 7. d4 Ba7 8. Nc3 {
[%emt 0:00:11] White has an edge.} (8. dxe5 cxd5 9. Qxd5 Nc6 10. Qxd6 Qxd6 11.
exd6 Bc5 $17) 8... Nd7 9. b4 {[%emt 0:10:22][%cal Yb2b4,Yb4b5]
[#]} Bb8 $1 $146 {[%emt 0:04:39] An important novelty.} ({Predecessor:} 9...
Ngf6 10. Bb2 Qe7 11. Be2 O-O 12. O-O Re8 13. Qb3 Bb8 14. d5 c5 15. b5 Nf8 {
0-1 (58) Sarana,A (2643)-Rakhmanov,A (2653) Moscow 2021}) 10. b5 Ngf6 11. a4 O-O 12. Be2 e4 13. Nd2 d5 14. Qb3 {[%emt 0:10:02] And now Ba3 would win.} c5 15.
cxd5 cxd4 16. exd4 Nb6 17. O-O Re8 18.
Re1 Nbxd5 19. Nxd5 Nxd5 20. Bc4 e3 $1 21. Rxe3 (21. Bxd5 $2 exf2+ 22. Kxf2 Qh4+ 23. g3 Qxh2+ 24. Bg2
Rxe1 25. Kxe1 Bxg3+ 26. Kd1 Bg4+ 27. Kc2 (27. Bf3 $2 Qg1+ 28. Kc2 Rc8+ 29. Kd3
Bf5+ 30. Be4 Bf4 $19) 27... Qxg2 $19) 21... Nxe3 22. Bxf7+ Kh8 23. fxe3 (23. Bxe8 Ng4
24. Qf7 Bxh2+ 25. Kf1 Nh6 26. Qf8+ Ng8 $17) 23... Rf8 {[%emt 0:22:05]
Threatens to win with ...Qf6.} 24. Ba3 Bxh2+ $1 {[%emt 0:00:
00] [#] Decoy} 25. Kxh2 Qc7+ 26. Kg1 Rxf7 27. Rc1 Qd7 28. Nf3 {[%emt 0:00:33] [#] Black must now prevent Ne5.} Rxf3 29. gxf3 Qh3 30. Qc2 $1 Be6 (30... Bd7 $1 $14) 31. Qg2 $16 {[%emt 0:01:23] aiming for
Qxh3.} Qh6 32. Rc3 ({White should try} 32.
Kf2 $16) 32... Rd8 33. Be7 Rd5 34. f4 Qh5 35.
Qc2 {[%emt 0:01:00] Against Qd1+} (35. Rc1 $11 {remains equal.}) 35... Qg4+ $17 36. Qg2 {[%emt 0:00:24] Strongly threatening Qxg4.} Qd1+ 37. Qf1 Qxa4 38. f5 $2 (38. Bc5 $17) 38... Rxf5 $19 39. Qc1 Qa2 ({Inferior is} 39... Qxb5 40. e4 Rh5
41. d5 $17) ({Weaker is} 39... Rxb5 40. Ra3 (40. Rc8+ $2 Bg8 $19) 40... Qc4 41.
Qxc4 Bxc4 42. e4 $17) (39... h6 $19 {is more deadly. Hoping for ...Rf3.} 40.
Rc5 Qa2 41. Rxf5 Bxf5) 40. Rc8+ $2 Bg8 {[%emt 0:00:07] ( -> ..
.Qf2+). Black is clearly winning.} 41. Qc2 {[%emt 0:26:45] Inhibits Qf2+.} Qe6 42. e4 Rf4 {[%emt 0:01:13] Weighted Error
Value: White=0.55/Black=0.09 (flawless)} 0-1

[Event "44th Chess Olympiad Open 2022"]
[Site "Chennai"]
[Date "2022.08.02"]
[Round "5.13"]
[White "Navara, David"]
[Black "Batsuren, Dambasuren"]
[Result "1-0"]
[WhiteElo "2688"]
[BlackElo "2518"]
[Annotator "TA"]
[PlyCount "63"]
[EventDate "2022.??.??"]
[TimeControl "60"]

1. e4 c6 2. d4 d5 3. e5 c5 4. dxc5 e6 5. a3 Bxc5 6. Qg4 {[%emt 0:00:15] B12:
Caro-Kann: Advance Variation.} Ne7 7. Nf3 {[%emt 0:00:31]
Strongly threatening b4.} O-O 8. b4 $5 {[%emt 0:04:47] White
is slightly better. A promising side line.} Bb6 9. Bd3 Ng6 10. Bb2 f5 11. Qg3 (11. exf6 $142 e5 12. Qh5) 11... a5
$11 12. h4 axb4 {[%emt 0:04:32] [#]} 13. h5
$146 ({Predecessor:} 13. axb4 Rxa1 14. Bxa1 Qe7 15. Bc3 Nc6
16. h5 Nh8 17. h6 g6 18. b5 Nb8 19. Qg5 {½-½ (32) Lupini,S (2391)-Kostanjsek,
Z (2355) ICCF email 2019}) 13... Nh8 14. h6 g6 15. axb4 Rxa1 16. Bxa1 Nc6 17. Bc3 d4 18. Bd2 $36 {
[%emt 0:00:10] Black is under pressure.} Qd5 19. b5 Na7 (19... Na5 $11 {was preferrable.}) 20. Qh4 $1 $14 Qc5 {[%emt 0:14:24] Inhibits Bb4.} (20... Bc5 $14) 21. Bg5 $16
{[%emt 0:21:26] Threatens to win with Be7.} Re8 {[%emt 0:04:28] Against Be7} (
21... Nf7 $2 22. Be7 Ba5+ 23. Ke2 $18) (21... Rf7 $142 22. Nbd2 Nxb5) 22. Bf6
$18 {[%emt 0:00:28] Black must now prevent Bxh8.} Nf7 23. Qg3 Nh8 24. Qg5 {[%emt 0:03:00]
Hoping for Bxh8.} Qf8 (24... Nf7 25. Qxg6+ $3 hxg6 26. h7+ Kf8
27. h8=Q+ Nxh8 28. Rxh8+ Kf7 29. Ng5#) 25. g4 (25. Nbd2 $18 {
and the rest is easy.}) 25... Bd7 $16 {[%emt 0:03:35] [#]} (25... Nf7 $2 {
gets mated.} 26. Qxg6+ $3 hxg6 27. h7#) 26. Bc4 {[%emt 0:02:25] 0x0.
0019ec0bb88adp-1022s more active pieces. The black rooks are badly placed.} (
26. gxf5 $1 $16 exf5 27. Kd1 (27. Bc4+ Be6 $14)) 26... fxg4 (
26... Ba5+ $11 27. Nbd2 fxg4 28. Qxg4 (28. Nxd4 Qc5 $15) 28... Nxb5) 27. Qxg4 {
[%emt 0:00:21] aiming for Bd3.} Bd8 $2 {[%emt 0:07:10] Black cannot hold the
game after this.} (27... Nxb5 $14 28. Nbd2 Ba5) 28. Qxd4 $18 Bxb5 29. Bxb5 Nxb5 30. Qd7 {
[%emt 0:00:06][%csl Yb5,Yb7][%cal Yd7h7] Threatening mate with Qxh7+!} Bxf6 31. exf6 {[%emt 0:00:07][%cal Yd7h7] Intending Qxh7+! and mate.
} (31. Qxb5 Be7 $11) 31... Nd6 {[%emt 0:00:10] [#]} (31... Nf7 $18 32. Qxb5 Nd6
) 32. Qxh7+ $3 {[%emt 0:00:06] Weighted Error Value: White=0.14 (very precise)
/ Black=0.56} 1-0

[Event "44th Chess Olympiad Open 2022"]
[Site "Chennai"]
[Date "2022.08.02"]
[Round "5.13"]
[White "Michalik, Peter"]
[Black "Bilguun, Sumiya"]
[Result "1/2-1/2"]
[WhiteElo "2559"]
[BlackElo "2463"]
[Annotator "TA"]
[PlyCount "99"]
[EventDate "2022.??.??"]
[TimeControl "60"]

1. c4 c5 2. Nf3 Nf6 3. Nc3 g6 4. e4 Nc6 5. d4 cxd4 6. Nxd4 d6 7. Be2 Nxd4 8. Qxd4 Bg7 9. Be3 O-O 10. Qd2 a5 {[%emt 0:00:30] [#] B36: Sicilian: Maroczy Bind: Gurgenidze System.}
11. O-O-O $146 (11. Rd1 $14) ({Predecessor:} 11. O-O a4 12.
Rfd1 Qa5 13. Bd4 Bd7 14. Bxf6 Bxf6 15. Nd5 Qxd2 16. Nxf6+ Kg7 17. Rxd2 Kxf6 18.
c5 {0-1 (40) Erigaisi,A (2626)-Xiong,J (2700) Chess.com INT 2021}) 11... Be6
$11 12. Kb1 Rc8 {[%emt 0:00:59] The position
is equal.} 13. c5 Qc7 14. cxd6 exd6 15. f3 {[%emt 0:
00:28] Strongly threatening Nb5.} (15. Qxd6 Qxc3 16. bxc3 Nxe4 $17) 15... d5 $1 16. Bf4 ({Don't play} 16. exd5 Nxd5 $1 17.
Nxd5 Bxd5 $17) 16... Qc5 17. e5 {[%emt 0:04:54] Black must
now prevent Be3.} ({Don't go for} 17. Nxd5 $2 Bxd5 18. exd5 {[#]} Nxd5 $1 $19)
({But not} 17. exd5 Nxd5 $1 18. Nxd5 Bxd5 $17) 17... d4 {[%emt 0:00:41]
Prevents Be3.} 18. Qxd4 Qxd4 19. Rxd4 Nd7 (19... Nh5 $5 20. g3 Nxf4
21. gxf4 f6 $15) 20. Nd5 Kh8 21. Rhd1 Nxe5 22. g4 {[%emt 0:00:06] Prevents Bf5+.} b5 23. Re4 Nc4 24. Bxc4 Rxc4 25. Rxc4 bxc4 26. Bc7 a4 27. g5 (
27. Nb6 $5 ) 27... Bf5+ 28. Kc1 Re8 {[%emt 0:00:19] And now ...Re2 would win.} 29. Ba5 Re2 30. Rd2 Re1+ 31. Rd1 Re2 (
31... Bxb2+ $5 32. Kd2 Re5 $15) 32. Rd2 Re1+ 33. Rd1 {[%emt 0:00:05] [#]} Bxb2+ $1 {[%emt 0:00:00] A strong pair of Bishops.
} 34. Kd2 Rxd1+ (34... Re5 {looks sharper.}
35. Bc3 Bxc3+ 36. Nxc3 Kg7) 35. Kxd1 $15 {[%emt 0:00:05] Endgame KBB-KBN} Kg8 36. Kd2 Be6 37. Nf6+ (37. Bc3 $15 Ba3 38. Bb4) 37... Bxf6 $17 38.
gxf6 {[%emt 0:00:05] KB-KB} c3+ 39. Kxc3 Bxa2 40. f4 Kf8 41. Bb4+ Ke8 42. Kd4 Kd7 43. Ke5 h5 44. h4 Kc6 {
[%emt 0:00:00] Hoping for ...Kb5.} 45. Ba3 Kb5 {[%emt 0:00:00]
aiming for ...Kc4.} 46. Kd4 Be6 47. Bf8 Kc6 48. Ba3 Bb3 49. Ke5 Kd7 50. Bf8 {[%emt 0:00:00]
Weighted Error Value: White=0.08 (flawless) /Black=0.07 (flawless)} 1/2-1/2

[Event "44th Chess Olympiad Open 2022"]
[Site "Chennai"]
[Date "2022.08.02"]
[Round "5.13"]
[White "Gan-Erdene, Sugar"]
[Black "Zwardon, Vojtech"]
[Result "0-1"]
[WhiteElo "2428"]
[BlackElo "2503"]
[Annotator "RC"]
[PlyCount "86"]
[EventDate "2022.??.??"]
[TimeControl "60"]

1. d4 Nf6 2. c4 e6 3. g3 d5 4. Nf3 dxc4 5. Bg2 c6 6. Ne5 Bb4+ 7. Nc3 Nd5 8.
O-O O-O 9. Qc2 b5 10. a4 f6 11. Ng4 Qd7 12. axb5 cxb5 13. e4 Nxc3 14. bxc3 Be7 15. e5 Bb7 16. Bxb7 Qxb7 17. exf6 Bxf6 18. Qe2 Qd5 19. Re1 Nd7 20. Qxe6+ Qxe6 21. Rxe6 Nb6 22. Ba3 Rf7 23. Rb1 Nd5 24. Rxb5 Nc7 25. Ree5 Nxb5 26. Rxb5 a5 27. Ne3 Be7 28. Nxc4 a4 29. Rb2 Bxa3 30. Nxa3 Rf3 31. Nb5 Ra5 32. Kg2 Rd3 33. Nd6 Ra8 34. Nb5 Rb8 35. Rb1 Rd2 36. c4 Rxd4 37. Rb4 Rd2 38. Rxa4 Rf8 39. Nc3 Rfxf2+ 40. Kh3 Rxh2+ 41. Kg4 Rd4+ 42. Kf5 h6 43. Nd5 Rh5+ 0-1

[Event "44th Chess Olympiad Open 2022"]
[Site "Chennai"]
[Date "2022.08.02"]
[Round "5.13"]
[White "Amartuvshin, Ganzorig"]
[Black "Nguyen, Thai Dai Van"]
[Result "0-1"]
[WhiteElo "2409"]
[BlackElo "2629"]
[Annotator "TA"]
[PlyCount "106"]
[EventDate "2022.??.??"]
[TimeControl "60"]

1. d4 d5 2. c4 c6 3. Nc3 Nf6 4. e3 e6 5. Nf3 Nbd7 6. Qc2 Bd6 7. Bd3 dxc4 8. Bxc4 b5 9. Be2 O-O 10. O-O Re8 11. Ng5 {[%emt 0:14:32] [#] D46: Semi-Slav: 5 e3
Nbd7 6 Bd3, Black avoids the Meran.} Bb7 $146 ({Predecessor:} 
11... Qc7 12. f4 b4 13. Nce4 h6 14. Nxd6 Qxd6 15. Nf3 c5 16. Rd1 Bb7 17. dxc5
Qxc5 18. Qxc5 Nxc5 19. Bd2 a5 20. Rac1 Rec8 21. Ne5 Bd5 {½-½ (21) Horvath,C 
(2546)-Ruck,R (2575) Budapest 2004}) 12. Nce4 Bf8 13. Nxf6+ {[%emt 0:04:56] The position is equal.} Nxf6 14. Bd3 (14. Bd2 {is more complex.} b4 15. Bh5 g6
16. Bf3) 14... g6 15. Nf3 Rc8 16. Qe2 Nd7 17. e4 a6 18. a4 e5 {[%emt 0:04:15]
Strongly threatening ...exd4.} 19. axb5 cxb5 {[%emt 0:01:13] 
[#] Hoping for ...exd4.} 20. d5 Nc5 21. Bg5 (21. Bc2 $142) 21... Qd6 (21... f6 $11 22. Be3
Nxd3 23. Qxd3 f5) 22. Nd2 ({Better is} 22. Bc2 $14) 22... f5
$11 {[%emt 0:10:33] ...h6 is the strong threat.} 23. Be3 {[%emt 0:01:27] Black
continues to play with concentration.} (23. Bb1 $11 {and White stays safe.})
23... Nxd3 $19 24. Qxd3 f4 (
24... fxe4 $2 25. Nxe4 Qb4 26. Nf6+ Kg7 27. Nxe8+ Rxe8 28. Rac1 $18) 25. Nb3 ({Much weaker is} 25. Ba7 Ra8 26. Be3 fxe3) 25... fxe3 26. Qxe3 Rc7 27. Na5 Ba8 28. g3 Qc5 29. Qf3 Qb6 30. h4 (30.
Nb3 $142) 30... Bb4 31. Nb3 Rc2 32. Qd1 Rxb2 {[%emt 0:01:14] [#]
White must now prevent ...Rf8.} 33. Nc1 Bc3 {[%emt 0:02:57]
And now ...Rd2 would win.} 34. Ra2 Rxa2 35.
Nxa2 Bd4 36. Kg2 Bb7 37. h5 g5 38. Qg4 Qf6 39. Nb4 Bc8 40. Qe2 Bd7 41. Qa2 g4 42. Nc6 Bxc6 43.
dxc6+ Qf7 44. Qxa6 Qxh5 {
[%emt 0:02:22] ( -> ...Qh3+)} 45. Qa3 Qf7 46.
Qc1 Qf3+ {[%emt 0:03:56] Black mates.} 47. Kh2 Bxf2 48. Qg5+ Kh8 49. Rxf2 Qxf2+ 50. Kh1 Qf1+ 51. Kh2 Qh3+ 52. Kg1 Qxg3+ 53. Kh1 Qf3+ {[%emt 0:00:06] Weighted
Error Value: White=0.56/Black=0.16 (very precise)} 0-1

[Event "44th Chess Olympiad Open 2022"]
[Site "Chennai"]
[Date "2022.08.02"]
[Round "5.14"]
[White "Ivic, Velimir"]
[Black "Taher, Yoseph Theolifus"]
[Result "1/2-1/2"]
[WhiteElo "2581"]
[BlackElo "2463"]
[Annotator "RC"]
[PlyCount "62"]
[EventDate "2022.??.??"]
[TimeControl "60"]

1. e4 c6 2. d4 d5 3. e5 Bf5 4. Nf3 e6 5. Be2 c5 6. O-O Nc6 7. Be3 cxd4 8.
Nxd4 Nge7 9. c4 dxc4 10. Bxc4 Nxd4 11. Qxd4 Qxd4 12. Bxd4 a6 13. Nd2 Nc6 14. Bc3 b5 15. Be2 b4 16. Bf3 O-O-O 17. Rac1 Kb8 18. Bxc6 bxc3 19. Ne4 cxb2 20. Rc2 Ba3 21. Rc3 Be7 22. Rb1 Ka7 23.
Rb3 Rb8 24. R1xb2 Rxb3 25. Rxb3 Rb8 26. Nd6 Rxb3 27. axb3 Kb6 28. Nxf5 exf5 29. Bd5 f6 30. exf6 Bxf6 31. Kf1 Kc5 1/2-1/2

[Event "44th Chess Olympiad Open 2022"]
[Site "Chennai"]
[Date "2022.08.02"]
[Round "5.14"]
[White "Perunovic, Milos"]
[Black "Kurniawan, Muhamad Agus"]
[Result "1-0"]
[WhiteElo "2539"]
[BlackElo "2328"]
[Annotator "RC"]
[PlyCount "99"]
[EventDate "2022.??.??"]
[TimeControl "60"]

1. e4 e5 2. Nf3 Nf6 3. d4 Nxe4 4. Bd3 d5 5. Nxe5 Bd6 6.
Nc3 Nxc3 7. bxc3 O-O 8. O-O Nd7 9. Re1 c5 10. Qf3 c4 11.
Bf5 Nxe5 12. dxe5 Re8 13. Bf4 Bf8 14. Bxc8 Rxc8 15. Re2 Qa5 16. h4 Rcd8 17. Rd2 Qa3 18. h5 d4 19. Bg5 Be7 20. Bxe7 Rxe7 21. h6 Re6 22. Rb1 b6 23. Rxd4 Rxd4 24. Qa8+ Qf8 25. Qxf8+ Kxf8 26. hxg7+ Kxg7 27. cxd4 Kg6 28. f3 Kf5 29. Kf2 Rh6 30. Rb4 Rc6 31. Ke3 h5 32. g4+ hxg4 33. fxg4+ Ke6 34. Ke4 Rc8 35. d5+ Kd7 36. Kf5 Rc5 37. d6 b5 38. Kf6 Rd5 39. a4 a6 40. axb5 axb5 41.
g5 c3 42. g6 fxg6 43. Rh4 Kc6 44. Rh8 b4 45. Rc8+ Kd7 46. Rc7+ Kd8 47. Ke6 Rd4 48. Rh7 Kc8 49. Rh8+ Kb7 50. d7 1-0